 Dungeon Crawl Stone Soup version 0.27-a0-901-g8736458 (webtiles) character file.

Game seed: 2435416995746272193

5 Nithhogg the Skirmisher (level 1, 0/18 HPs)
             Began as a Demonspawn Fighter on Apr 5, 2021.
             Slain by a goblin
             ... wielding a +0 club
              (4 damage)
             ... on level 1 of the Dungeon.
             The game lasted 00:00:27 (404 turns).

Nithhogg the Skirmisher (Demonspawn Fighter)         Turns: 404, Time: 00:00:28

Health: 0/18       AC:  6    Str: 16    XL:     1   Next: 66%
Magic:  1/1        EV:  9    Int:  9    God:
Gold:   0          SH:  0    Dex: 12    Spells: 0/0 levels left

rFire    . . .     SeeInvis .   a - +0 long sword
rCold    . . .     Faith    .   (no shield)
rNeg     . . .     Spirit   .   b - +0 scale mail
rPois    .         Reflect  .   (no helmet)
rElec    .         Harm     .   (no cloak)
rCorr    .         Rampage  .   (no gloves)
Will     .....                  (no boots)
Stlth    ..........             (no amulet)
HPRegen  0.06/turn              (no ring)
MPRegen  0.07/turn              (no ring)

@: no status effects
A: no striking features
a: no special abilities


You were on level 1 of the Dungeon.
You visited 1 branch of the dungeon, and saw 1 of its levels.

Inventory:

Hand Weapons
 a - a +0 long sword (weapon)
Armour
 b - a +0 scale mail (worn)
 c - a +0 kite shield
Scrolls
 e - a scroll of brand weapon {unknown}
Potions
 d - a potion of might


   Skills:
 + Level 3.0 Fighting
 + Level 1.9 Long Blades
 + Level 2.7 Armour
 + Level 0.2 Dodging
 - Level 2.6 Shields
 + Level 0.5 Invocations


You couldn't memorise any spells.
You didn't know any spells.
Your spell library was empty.

Dungeon Overview and Level Annotations

Branches:
Dungeon (1/15)

Altars:


Message History

A quokka comes into view.
Found a stone staircase leading down.
A quokka is nearby!
The quokka bites you.
There is an open door here.
You closely miss the quokka.
The quokka bites you but does no damage.
You hit the quokka.
The quokka is almost dead.
The quokka bites you.
The quokka bites you but does no damage.
You barely miss the quokka.
The quokka is almost dead.
The quokka bites you but does no damage.
You barely miss the quokka.
The quokka is almost dead.
The quokka bites you.
The quokka bites you but does no damage.
You closely miss the quokka.
The quokka is almost dead.
The quokka bites you.
You are too injured to fight recklessly!
A quokka is nearby!
You are too injured to fight recklessly!
You hit the quokka.
You kill the quokka!
A goblin comes into view. It is wielding a +0 club.
You see here a quokka corpse.
A goblin is nearby!
You are too injured to fight recklessly!
A ball python comes into view.
The ball python hisses angrily.
The goblin closely misses you.
You closely miss the goblin. The goblin hits you with a +0 club.
* * * LOW HITPOINT WARNING * * *
You hit the goblin but do no damage. The goblin barely misses you. x2
You hit the goblin.
The goblin is heavily wounded.
The goblin hits you with a +0 club.
You die...

#... #.#. #######.#.
#....≈≈≈#. ######
#≈≈≈.≈.≈#≈ #....#
#.≈.#..≈#≈ ##### #....#
##...≈≈≈.≈.
......#....###.≈≈≈..#≈..
.....Sg@..†'...≈..♣≈.≈.≈
......#....####.≈.≈....≈
..### #....# #≈(...≈..≈
.>....... .≈#...#≈≈♣
#############^#.#...
#.#.###. #.# # #. #.# #
#.#


You could see a goblin and a ball python.

Vanquished Creatures
  A bat (D:1)
  A goblin (D:1)
  A hobgoblin (D:1)
  A quokka (D:1)
4 creatures vanquished.

Notes
Turn   | Place    | Note
-------+----------+-------------------------------------------
     0 | D:1      | Nithhogg the Demonspawn Fighter began the quest for the
                  | Orb.
     0 | D:1      | Reached XP level 1. HP: 18/18 MP: 1/1
   404 | D:1      | Slain by a goblin

Illustrated notes

Levels and vault maps discovered:
D:1:      grunt_arrival_lava_bath, layout_basic, serial_rivers,
          chequers_serial_rivers_small_a, chequers_serial_rivers_micro_a,
          chequers_serial_rivers_micro_b, chequers_serial_rivers_marsh

Action                   || total
-------------------------++-------
Melee: Long sword        ||    17
Armor: Scale mail        ||     7
Dodge: Dodged            ||     5

Table legend: (Time is in decaauts)
 A = Elapsed time spent in this place.
 B = Non-inter-level travel time spent in this place.
 C = Inter-level travel time spent in this place.
 D = Time resting spent in this place.
 E = Time spent auto-exploring this place.
 F = Levels seen in this place.
 G = Mean time per level.
                   A        B        C        D        E       F      G
               +--------+--------+--------+--------+--------+-----+--------+
         Total |    413 |    413 |      0 |      0 |    368 |   1 |  413.0 |
       Dungeon |    413 |    413 |      0 |      0 |    368 |   1 |  413.0 |
               +--------+--------+--------+--------+--------+-----+--------+

Top non-repeatable levels by time:
     D:1: 413 daAuts
